 Dungeon Crawl Stone Soup version 0.19-a0-1188-g4c2e17c (webtiles) character file.

93 towersofbeng the Magician (level 4, 0/24 HPs)
             Began as a Deep Elf Wizard on Aug 18, 2016.
             Slain by a sky beast (6 damage)
             ... on level 5 of the Dungeon.
             The game lasted 00:09:53 (2857 turns).

towersofbeng the Magician (Deep Elf Wizard)         Turns: 2857, Time: 00:09:53

Health: 0/24       AC:  2    Str:  4    XL:     4   Next: 37%
Magic:  12/13      EV: 13    Int: 24    God:
Gold:   109        SH:  0    Dex: 13    Spells: 4 memorised, 6 levels left

rFire  + . .     SeeInvis .     n - +0 short sword
rCold  x . .     Gourm    .     a - +0 robe
rNeg   . . .     Faith    .     (no shield)
rPois  .         Spirit   .     b - +0 hat
rElec  .         Dismiss  .     (no cloak)
rCorr  .         Reflect  .     (no gloves)
MR     .....     Harm     .     (no boots)
Stlth  ++........               (no amulet)
                                (no ring)
                                l - ring of fire

@: no status effects
A: no striking features
a: no special abilities


You were on level 5 of the Dungeon.
You were hungry.

You visited 1 branch of the dungeon, and saw 6 of its levels.

You collected 109 gold pieces.

Inventory:

Hand Weapons
 n - a +0 short sword (weapon)
Missiles
 g - a throwing net (quivered)
Armour
 a - a +0 robe (worn)
 b - a +0 hat (worn)
Jewellery
 l - a ring of fire (left hand)
Scrolls
 i - a scroll of teleportation
 o - a scroll of identify
Potions
 e - 3 potions of cancellation
 h - 2 potions of flight {unknown}
 j - 2 potions of curing {unknown}
Books
 c - a book of Minor Magic

   Spells                             Type                      Level
   a - Magic Dart                     Conjuration                  1
   b - Blink                          Translocation                2
   c - Call Imp                       Summoning                    2
   d - Repel Missiles                 Charms/Air                   2
   e - Slow                           Hexes                        2
   f - Conjure Flame                  Conjuration/Fire             3
   g - Mephitic Cloud                 Conjuration/Poison/Air       3
Comestibles
 d - 2 bread rations
 k - 2 meat rations
 p - 4 chunks of flesh


   Skills:
 - Level 2.5 Dodging
 + Level 3.0 Stealth
 - Level 5.4 Spellcasting
 * Level 2.6 Conjurations
 * Level 1.3 Hexes
 + Level 1.1 Summonings
 * Level 2.0 Translocations


You had 6 spell levels left.
You knew the following spells:

 Your Spells              Type           Power        Failure   Level  Hunger
a - Magic Dart            Conj           ###.         2%          1    None
b - Blink                 Tloc           N/A          8%          2    None
c - Slow                  Hex            ##......     10%         2    None
d - Call Imp              Summ           ##......     12%         2    None


Dungeon Overview and Level Annotations

Branches:
Dungeon (6/15)
 Temple: D:4-7

Altars:
Elyvilon
Kikubaaqudgha

Annotations:
D:6 Findleman's ghost, novice MfGl; Grinder


Message History

Grinder blinks!
The howler monkey hoots and howls with incredible vigour!
You hear a shout!
The hound bites you.
* * * LOW HITPOINT WARNING * * *
The hound barely misses you.
Casting: Magic Dart
Confirm with . or Enter, or press ? or * to list all spells.
Aiming: Slow
Press: ? - help, Shift-Dir - straight line, f - hound
Aim: a hound (chance to defeat MR: 57%)
The hound seems to slow down.
The hound misses you.
You see here an adder corpse.
There is a stone staircase leading up here.
The hound misses you.
The giant newt hisses menacingly.
You climb upwards.
The sky beast flickers out of sight!
Something hits you.
* * * LOW HITPOINT WARNING * * *
Something shocks you.
You die...

.. .#.!.. .. S..). #.
.#... ...## #.#.#..
#...# #...#.. #...# #
#..##.# #...#
#.#.{##.# #...###
#..h@...#### #......
####.Y.....####...###
#..###............
#..#..............
#..#.#............
........####...###
#..##.####.........
#.$.#. .........
..... # #........>


You could see an ice beast, a hound and an adder (sleeping).

Vanquished Creatures
  A gnoll (D:3)
  3 adders
  An ooze (D:2)
  A worm (D:3)
  A dart slug (D:1)
  2 giant geckos
  An orc (D:4)
  9 bats
  2 giant cockroaches (D:2)
  5 goblins
  5 hobgoblins
  4 jackals
  A quokka (D:3)
  2 giant newts
  A kobold (D:1)
  5 rats (D:1)
44 creatures vanquished.

Notes
Turn   | Place    | Note
-------+----------+-------------------------------------------
     0 | D:1      | towersofbeng the Deep Elf Wizard began the quest for the Orb.
     0 | D:1      | Reached XP level 1. HP: 10/10 MP: 7/7
    79 | D:1      | Reached skill level 5 in Spellcasting
   211 | D:1      | Reached XP level 2. HP: 15/15 MP: 8/10
   215 | D:1      | Learned a level 2 spell: Blink
  1310 | D:2      | Learned a level 2 spell: Slow
  1311 | D:2      | Found a white marble altar of Elyvilon.
  1351 | D:2      | Reached XP level 3. HP: 19/19 MP: 5/11
  1948 | D:2      | Learned a level 2 spell: Call Imp
  2366 | D:3      | Reached XP level 4. HP: 24/24 MP: 2/13
  2460 | D:3      | Reached skill level 1 in Hexes
  2652 | D:4      | You fall through a shaft!
  2652 | D:5      | Entered Level 5 of the Dungeon
  2655 | D:5      | Found an ancient bone altar of Kikubaaqudgha.
  2655 | D:5      | Noticed an ice beast
  2685 | D:5      | Noticed a sky beast
  2799 | D:6      | Noticed Findleman's ghost (novice MfGl)
  2833 | D:6      | Noticed Grinder
  2857 | D:5      | Slain by a sky beast

Vault maps used:
D:1:      dpeg_arrival_pits, minmay_tetromino_s4
D:2:      elyvilon_altar_5
D:3:      first_bread, tgw_xom
D:4:      gammafunk_temple_overflow_pools, fiery_altar_vehumet
D:5:      overflow_temple_1_default, guppyfry_early_lair_pool, uniq_edmund
D:6:      gammafunk_temple_overflow_elements, uniq_grinder, uniq_pikel

Skill      XL: |  1  2  3  4 |
---------------+-------------+-----
Spellcasting   | 5 |  5.4
Conjurations   | 2 |  2.6
Stealth        | 3 |  3.0
Hexes          | 1 |  1.3
Translocations | 2 |  2.0
Dodging        | |  2.5
Summonings     | |  1.1

Action                   |  1- 3 |  4- 6 || total
-------------------------+-------+-------++-------
Melee: Unarmed           |     1 |       ||     1
 Cast: Magic Dart        |    87 |    24 ||   111
       Blink             |     7 |     4 ||    11
       Slow              |     1 |     2 ||     3
  Use: Scroll            |     5 |     1 ||     6
       Potion            |       |     1 ||     1
  Eat: Chunk             |     4 |     1 ||     5
Armor: Robe              |     6 |     1 ||     7
Dodge: Dodged            |    37 |    14 ||    51
